 Dungeon Crawl Stone Soup version 0.31.0-11-ge490571c62 (webtiles) character file.

Game seed: 7475849108077372828

14786 ProzacElf the Grappler (level 11, -2/102 HPs)
             Began as a Troll Hedge Wizard on Jan 31, 2024.
             Was a Believer of Qazlal.
             Slain by a skyshark (4 damage)
             ... on level 3 of the Lair of Beasts.
             The game lasted 00:27:19 (10998 turns).

ProzacElf the Grappler (Troll Hedge Wizard)        Turns: 10998, Time: 00:27:19

Health: -2/102     AC: 10    Str: 20    XL:     11   Next: 93%
Magic:  14/17      EV:  9    Int: 10    God:    Qazlal [**....]
Gold:   706        SH: 13    Dex: 13    Spells: 11/14 levels left

rFire   . .          .
                       - Unarmed
rCold   . . .        s - +0 kite shield
rNeg    . . .        N - +0 acid dragon scales
rPois   +            a - +1 hat
rElec   .            (no cloak)
rCorr   +            (gloves unavailable)
SInv    .            (boots unavailable)
Will    +....        (no amulet)
Stlth   +            l - ring of willpower
HPRegen 1.17/turn    E - ring of poison resistance
MPRegen 0.15/turn

%: no passive effects
@: mighty, hasted, very quick
A: large, unfitting armour, claws 3, regeneration 1, shaggy fur 1, tough skin 1
a: Renounce Religion, Upheaval


You were on level 3 of the Lair of Beasts.
You worshipped Qazlal.
Qazlal was pleased with you.
You visited 3 branches of the dungeon, and saw 14 of its levels.

You collected 706 gold pieces.

Inventory:

Hand Weapons
 b - a +4 scimitar of flaming
 G - a +3 morningstar
 K - the +9 rapier "Wyqarogg" {elec, rF+}
   (You found it on level 7 of the Dungeon)

   rF+:       It protects you from fire.
 L - a +0 giant club of flaming
Missiles
 k - 9 poisoned darts (quivered)
 D - 8 boomerangs
Armour
 a - a +1 hat (worn)
 s - a +0 kite shield (worn)
 N - +0 acid dragon scales (worn)
Magical Staves
 C - a staff of fire
Jewellery
 g - a ring of fire
 l - a ring of willpower (left claw)
 t - a ring of see invisible
 E - a ring of poison resistance (right claw)
 O - a ring of resist corrosion
 T - a ring of ice
Wands
 H - a wand of flame (8)
 R - a wand of roots (11)
 W - a wand of paralysis (2)
Scrolls
 c - a scroll of torment {unknown}
 j - 6 scrolls of teleportation
 n - a scroll of vulnerability
 o - a scroll of immolation {unknown}
 p - a scroll of summoning {unknown}
 x - a scroll of poison {unknown}
 y - a scroll of blinking {unknown}
 A - a scroll of amnesia {unknown}
 F - a scroll of acquirement {unknown}
 J - 3 scrolls of fog
 M - a scroll of revelation {unknown}
 Q - a scroll of enchant armour {unknown}
 S - a scroll of fear {unknown}
 U - a scroll of enchant weapon {unknown}
 X - a scroll of silence {unknown}
Potions
 d - 2 potions of magic
 e - a potion of attraction
 f - a potion of enlightenment
 h - 3 potions of lignification
 i - 4 potions of curing
 m - 2 potions of heal wounds
 q - a potion of might
 u - a potion of haste
 v - 5 potions of cancellation
 I - 3 potions of ambrosia {!e}


   Skills:
 - Level 5.0 Fighting
 + Level 4.5 Armour
 - Level 5.0 Dodging
 - Level 1.0 Stealth
 - Level 5.0 Shields
 - Level 10.1 Unarmed Combat
 - Level 2.0 Spellcasting
 - Level 0.6 Conjurations
 - Level 0.6 Summonings
 - Level 0.6 Translocations
 - Level 10.0 Invocations
 + Level 4.1 Evocations


You had 11 spell levels left.
You knew the following spells:

 Your Spells              Type           Power      Damage    Failure   Level
a - Magic Dart            Conj           8%         1d3       58%         1
o - Blink                 Tloc           4%         N/A       73%         2

Your spell library contained the following spells:

 Spells                   Type           Power      Damage    Failure   Level
 Freeze                   Ice            4%         1d3       67%         1
 Slow                     Hex            4%         N/A       67%         1
 Call Imp                 Summ           4%         N/A       73%         2
 Cigotuvi's Dreadful Rot  Necr/Alch/Air  2%         N/A       80%         2
 Ensorcelled Hibernation  Hex/Ice        2%         N/A       80%         2
 Dazzling Flash           Conj/Hex       2%         N/A       94%         3
 Hailstorm                Conj/Ice       1%         3d5       94%         3
 Volatile Blastmotes      Fire/Tloc      2%         2d10      94%         3
 Frozen Ramparts          Ice            2%         1d1       95%         3
 Mephitic Cloud           Conj/Alch/Air  1%         N/A       95%         3
 Passwall                 Erth           1%         N/A       95%         3
 Swiftness                Air            1%         N/A       95%         3
 Leda's Liquefaction      Alch/Erth      0%         N/A       100%        4
 Petrify                  Alch/Erth      1%         N/A       100%        4
 Metabolic Englaciation   Hex/Ice        0%         N/A       100%        5
 Starburst                Conj/Fire      0%         6d3       100%        6
 Maxwell's Capacitive Co  Air            0%         ∞         100%        8


Dungeon Overview and Level Annotations

Branches:
Dungeon (9/15)             Temple (1/1) D:6            Lair (4/5) D:9
 Spider (0/4) Lair:2
  Swamp: Lair:2-3    Shoals: Lair:2-3     Slime: Lair:4-5       Orc: D:9-12

Altars:
Ashenzari
Cheibriados
Dithmenos
Elyvilon
Fedhas
Gozag
Hepliaklqana
Kikubaaqudgha
Makhleb
Nemelex Xobeh
Okawaru
Qazlal
Ru
Sif Muna
Trog
Uskayaw
Vehumet
Wu Jian
Xom
Yredelemnul
Zin
The Shining One
Jiyva

Shops:
D:5 (   D:7 *   D:8 [

Annotations:
D:3 3 runed translucent doors, drcatpants2's ghost, amateur DsBe
D:6 3 runed translucent doors, Persephone's ghost, novice GrFi
D:8 1 runed translucent door, DaftaChap's ghost, novice FoDe
D:9 3 runed translucent doors, Vadun's ghost, novice MiFi
Lair:4 1 runed translucent door, player's ghost, journeyman OnFi


Innate Abilities, Weirdness & Mutations

You are too large for most types of armour.
You have claws for hands.
Your natural rate of healing is unusually fast.
You are covered in fur. (AC +1)
You have tough skin. (AC +1)


Message History

Ye take 16 damage, an' haf 21/102 hp.
Ye feel very mighty all o' a sudd'n.
Tha skyshark barely misses ye.
Tha skyshark tail-slaps ye.
* * * LOW HITPOINT WARNIN'
* * * Tha skyshark closely misses ye.
Ye take 4 damage, an' haf 17/102 hp.
Ye claw tha skyshark!
Tha skyshark be moderately wounded.
Tha skyshark bites ye.
* * * LOW HITPOINT WARNIN'
* * * Ye block tha skyshark's attack.
Tha skyshark tail-slaps ye.
* * * LOW HITPOINT WARNIN'
* * * Ye take 7 damage, an' haf 10/102 hp.
Ye feel much better.
Tha skyshark closely misses ye.
Tha skyshark barely misses ye.
Tha skyshark tail-slaps ye.
Ye regain'd 27 hp, an' now haf 37/102 hp.
Aimin': Upheaval
Press: ? - help, Dir - move target, f - bullfrog
Aim: a bullfrog Magma sudd'nly erupts from tha ground!
Tha blast o' magma 'ngulfs tha bullfrog!!
Tha bullfrog be almost dead.
Tha blast o' magma 'ngulfs tha skyshark!
Tha skyshark be heavily wounded.
Ye can nay longer give life ta nearby clouds.
Ye block tha skyshark's attack.
Tha skyshark tail-slaps ye!
Tha skyshark tail-slaps ye but does nay damage.
Ye take 6 damage, an' haf 31/102 hp.
Ye now haf 14/17 mp.
Ye mangle tha skyshark!!
Tha skyshark be severely wounded.
Tha skyshark bites ye!!
* * * LOW HITPOINT WARNIN'
* * * Ye block tha skyshark's attack.
Tha skyshark completely misses ye.
Ye take 19 damage, an' haf 12/102 hp.
Ye closely miss tha skyshark.
Tha skyshark be severely wounded.
Tha skyshark bites ye!
* * * LOW HITPOINT WARNIN'
* * * Tha skyshark tail-slaps ye.
Ye die...

#. .. #. # ... ..
#.##.#.... $.
##..#...... #.
#.......... #.
#.#.##..... #.
#.≈.## #.. ..
###.F## .. ..
#.#@# ..... ..
##.F## ...... ..
## #...#####......
..
##.##....##.......
##
#P.......#........
#...#..........##
.
##.....#P.......#
..
#[...)..........#
..
##.....#..#.....##
.


You could see a skyshark (berserk) and a bullfrog.

Vanquished Creatures
  A catoblepas (Lair:2)
  2 two-headed ogres (D:7)
  Erica (D:8)
  2 death yaks (Lair:4)
  A black mamba (Lair:2)
  An elephant (D:8)
  A torpor snail (Lair:4)
  5 cane toads
  A rime drake (Lair:2)
  3 komodo dragons
  A polar bear (Lair:1)
  8 blink frogs (Lair:4)
  5 yaks (D:8)
  2 wyverns
  3 basilisks (Lair:2)
  2 steam dragons
  An acid dragon (D:8)
  2 water moccasins (Lair:2)
  2 orc warriors
  An ice beast (D:8)
  A black bear (D:8)
  18 wolves
  3 centaurs
  2 phantoms
  9 bullfrogs
  3 scorpions
  5 wights (D:6)
  6 killer bees
  A howler monkey (D:9)
  2 orc priests (D:4)
  A bombardier beetle (D:5)
  2 hounds (D:6)
  A jelly (D:6)
  4 iguanas
  2 sleepcaps
  6 orc wizards
  3 adders
  8 gnolls
  A white imp (D:6)
  4 ufetubi (D:6)
  4 dart slugs
  2 ribbon worms
  27 orcs
  11 ball pythons
  7 bats
  7 endoplasms
  5 giant cockroaches
  5 goblins
  8 hobgoblins
  3 jackals (D:3)
  4 quokkas
  3 frilled lizards (D:1)
  9 kobolds
  9 rats
231 creatures vanquished.

Notes
Turn   | Place    | Note
-------+----------+-------------------------------------------
     0 | D:1      | ProzacElf the Troll Hedge Wizard began the quest for the
                  | Orb.
     0 | D:1      | Reached XP level 1. HP: 16/16 MP: 2/2
   109 | D:1      | Reached skill level 1 in Unarmed Combat
   111 | D:1      | Reached XP level 2. HP: 24/24 MP: 4/4
   581 | D:1      | Reached XP level 3. HP: 31/31 MP: 5/5
  1389 | D:3      | Found a runed translucent gate.
  1390 | D:3      | Found a runed translucent gate.
  1390 | D:3      | Found an opulent altar of Gozag.
  1391 | D:3      | Found a runed translucent gate.
  1465 | D:3      | Reached XP level 4. HP: 39/39 MP: 6/6
  1473 | D:3      | Learned a level 2 spell: Blink
  1542 | D:3      | Found an ancient bone altar of Kikubaaqudgha.
  1588 | D:3      | Found a broken altar of Ashenzari.
  1921 | D:3      | Noticed drcatpants2's ghost (amateur DsBe)
  2331 | D:4      | Noticed a phantom
  2357 | D:4      | Killed a phantom
  2358 | D:4      | Reached XP level 5. HP: 45/45 MP: 7/7
  2620 | D:4      | Found a stormy altar of Qazlal.
  2625 | D:4      | Became a worshipper of Qazlal Stormbringer
  2701 | D:4      | Reached XP level 6. HP: 43/53 MP: 8/8
  2749 | D:4      | Found a hide-covered altar of Uskayaw.
  3134 | D:5      | Entered Level 5 of the Dungeon
  3367 | D:5      | Found a transporter.
  3367 | D:5      | Found Madit's Weapon Emporium.
  3488 | D:5      | Found a transporter.
  3756 | D:5      | Reached skill level 5 in Unarmed Combat
  3756 | D:5      | Reached XP level 7. HP: 57/59 MP: 9/9
  3916 | D:5      | Reached * piety under Qazlal
  4045 | D:5      | Found a shimmering blue altar of Sif Muna.
  4062 | D:5      | Found an opulent altar of Gozag.
  4246 | D:5      | Found a shadowy altar of Dithmenos.
  4310 | D:6      | Reached skill level 5 in Dodging
  4438 | D:6      | Found a staircase to the Ecumenical Temple.
  4447 | Temple   | Entered the Ecumenical Temple
  4453 | D:6      | Found a runed translucent gate.
  4467 | D:6      | Found a runed translucent gate.
  4467 | D:6      | Found a runed translucent gate.
  4584 | D:6      | Noticed Persephone's ghost (novice GrFi)
  4665 | D:6      | Reached skill level 1 in Invocations
  4932 | D:6      | HP: 2/54 [wight/+3 morningstar (13)]
  5006 | D:6      | Reached XP level 8. HP: 46/65 MP: 10/10
  5145 | D:6      | Found an iron altar of Okawaru.
  5652 | D:7      | Found a hazy altar of Hepliaklqana.
  5726 | D:7      | Found Lurism's Neck Hole.
  5752 | D:7      | Found a sacrificial altar of Ru.
  6085 | D:7      | Identified the +9 rapier "Wyqarogg" {elec, rF+}
  6145 | D:7      | Found a radiant altar of Vehumet.
  6212 | D:8      | Noticed a two-headed ogre
  6242 | D:7      | Killed a two-headed ogre
  6243 | D:7      | Reached skill level 5 in Invocations
  6243 | D:7      | Reached XP level 9. HP: 24/74 MP: 10/12
  6465 | D:8      | Identified the +2 quarterstaff of Iconoclasm {venom, rN+
                  | Str+2}
  6507 | D:8      | Noticed a two-headed ogre
  6526 | D:7      | Killed a two-headed ogre
  6526 | D:7      | Reached ** piety under Qazlal
  6631 | D:8      | Reached skill level 10 in Unarmed Combat
  6797 | D:8      | Found Sinott's Superior Scales.
  6813 | D:8      | Reached skill level 1 in Shields
  6905 | D:8      | Reached skill level 1 in Fighting
  6905 | D:8      | Reached XP level 10. HP: 84/84 MP: 14/14
  7138 | D:8      | Noticed Erica
  7148 | D:8      | Killed Erica
  7370 | D:8      | Found a snail-covered altar of Cheibriados.
  7455 | D:8      | Found a bloodstained altar of Trog.
  7509 | D:8      | Found a runed translucent door.
  7524 | D:8      | Noticed DaftaChap's ghost (novice FoDe)
  7637 | D:9      | Noticed an elephant
  7730 | D:8      | Killed an elephant
  8132 | D:9      | Found a staircase to the Lair.
  8341 | D:9      | Found a runed translucent gate.
  8343 | D:9      | Found a runed translucent gate.
  8343 | D:9      | Found a runed translucent gate.
  8344 | D:9      | Noticed Vadun's ghost (novice MiFi)
  8783 | D:9      | Found a viscous altar of Jiyva.
  8829 | Lair:1   | Entered Level 1 of the Lair of Beasts
  8850 | Lair:1   | Noticed a cane toad
  8858 | D:9      | Killed a cane toad
  9103 | Lair:1   | Noticed a cane toad
  9109 | Lair:1   | Killed a cane toad
  9127 | Lair:1   | Noticed a cane toad
  9148 | Lair:1   | Killed a cane toad
  9149 | Lair:1   | Reached XP level 11. HP: 53/101 MP: 16/16
  9207 | Lair:1   | Reached skill level 5 in Shields
  9944 | Lair:2   | Reached skill level 5 in Fighting
 10078 | Lair:2   | Found a hole to the Spider Nest.
 10124 | Lair:2   | Noticed a catoblepas
 10134 | Lair:2   | Killed a catoblepas
 10135 | Lair:2   | Reached skill level 10 in Invocations
 10287 | Lair:2   | Reached skill level 1 in Armour
 10287 | Lair:2   | Reached skill level 1 in Evocations
 10415 | Lair:2   | You fall into a shaft and drop 2 floors!
 10699 | Lair:4   | Found a runed translucent door.
 10704 | Lair:4   | Noticed a spriggan rider
 10705 | Lair:4   | Identified the +9 trident of Arbitration {chaos, rN++}
 10705 | Lair:4   | Noticed a spriggan rider
 10705 | Lair:4   | Noticed player's ghost (journeyman OnFi)
 10705 | Lair:4   | Noticed a death yak
 10705 | Lair:4   | Noticed a death yak
 10746 | Lair:4   | Killed a death yak
 10746 | Lair:4   | Reached *** piety under Qazlal
 10768 | Lair:4   | Killed a death yak
 10916 | Lair:4   | Noticed a boulder beetle
 10981 | Lair:3   | Noticed a skyshark
 10998 | Lair:3   | HP: 2/102 [skyshark (10)]
 10998 | Lair:3   | Slain by a skyshark

Illustrated notes

Levels and vault maps discovered:
D:1:      tarquinn_simple_flora_water_f, layout_rooms, serial_forest,
          infiniplex_forest_clump_small, infiniplex_forest_lined_room_,
          infiniplex_forest_join, infiniplex_forest_straight_4,
          infiniplex_forest_lined_4_way, infiniplex_forest_straight_1,
          infiniplex_forest_clump_curved, infiniplex_forest_clump_double,
          kennysheep_decorative_pillar, minmay_unequal
D:2:      layout_basic, serial_rivers, chequers_serial_rivers_small_b,
          chequers_serial_rivers_small_b, chequers_serial_rivers_small_3,
          chequers_serial_rivers_micro_b, nicolae_figureground_sparkle
D:3:      layout_basic, evilmike_ruin_ashenzari, kiku_gazebo_garden_becter,
          ebering_ghost_gozag, minmay_diced_spiral
D:4:      layout_loops_ring, grunt_qazlal_clouds, nicolae_uskayaw_dance_hall,
          roderic_roman_lattice, ebering_dispersal_statue_hall
D:5:      layout_gridville, lemuel_tele_altar, mainiacjoe_overflow_swirl,
          serial_shops, nicolae_shop_drivethru, minmay_misc_feat_room,
          corexii_shack, serial_library_hellmonk_room_a, nicolae_tricolors
D:6:      layout_basic, okawaru_trees_1, minmay_temple_entry_slanted,
          gammafunk_ghost_icy
D:7:      layout_layer_cave, mainiacjoe_overflow_tiny_flanked,
          nicolae_vehumet_radiance, nicolae_ru_awakened_eye,
          nicolae_shop_sticking_my_neck_out
D:8:      layout_basic, trog_book, kennysheep_slug_shrine,
          ebering_ghost_reflecting_pool, hellmonk_scale_shop, uniq_erica
D:9:      layout_basic, grunt_lair_entry_orc_guard_hut, gammafunk_ghost_ooze,
          amcnicky_mini_rare_corridor_liquid
Temple:   grunt_temple_mini_profane
Lair:1:   layout_regular_city, chequers_serial_rivers_micro_b,
          grunt_forest_small_clearing_treed
Lair:2:   layout_cave_pods, dummy_spider_entry
Lair:3:   layout_misc_corridors, minmay_shoals_entry_lonely_mermaid,
          nicolae_lair_lil_pond, hellmonk_talismancer,
          infiniplex_staircase_pool, uniq_nessos
Lair:4:   layout_cave_pods, ebering_ghost_funeral_grove, st_stairs_9,
          dreamdust_gnoll_shepherd

Skill      XL: |  1  2  3  4  5  6  7  8  9 10 11 |
---------------+----------------------------------+-----
Unarmed Combat | 1 2 3 4 5 6 8 10 | 10.1
Dodging        | 2 3 4 5 |  5.0
Invocations    | 2 5 7 8 10 | 10.0
Shields        | 1 4 5 |  5.0
Fighting       | 1 4 5 |  5.0
Armour         | 4 |  4.5
Evocations     | 4 |  4.1
Stealth        | |  1.0
Spellcasting   | |  2.0
Conjurations   | |  0.6
Summonings     | |  0.6
Translocations | |  0.6

Action                     |  1- 3 |  4- 6 |  7- 9 | 10-12 || total
---------------------------+-------+-------+-------+-------++-------
  Melee: Unarmed           |   141 |   160 |   257 |   417 ||   975
  Throw: Dart              |       |     1 |     9 |     5 ||    15
 Invoke: Upheaval          |       |       |       |     2 ||     2
    Use: Potion            |       |       |     4 |     4 ||     8
         Scroll            |       |       |     8 |     5 ||    13
   Stab: Sleeping          |     6 |     2 |       |       ||     8
 Armour: Robe              |    62 |   111 |   158 |     3 ||   334
         Acid dragon scale |       |       |       |   332 ||   332
  Dodge: Dodged            |    59 |    43 |    87 |   149 ||   338
  Block: Kite shield       |     4 |    49 |   105 |   314 ||   472

Action                     |  1- 3 |  4- 6 |  7- 9 | 10-12 || total
---------------------------+-------+-------+-------+-------++-------
  Melee: Unarmed           |   141 |   160 |   257 |   417 ||   975
  Throw: Dart              |       |     1 |     9 |     5 ||    15
 Invoke: Upheaval          |       |       |       |     2 ||     2
    Use: Potion            |       |       |     4 |     4 ||     8
         Scroll            |       |       |     8 |     5 ||    13
   Stab: Sleeping          |     6 |     2 |       |       ||     8
 Armour: Robe              |    62 |   111 |   158 |     3 ||   334
         Acid dragon scale |       |       |       |   332 ||   332
  Dodge: Dodged            |    59 |    43 |    87 |   149 ||   338
  Block: Kite shield       |     4 |    49 |   105 |   314 ||   472

Levels and vault maps discovered:
D:1:      tarquinn_simple_flora_water_f, layout_rooms, serial_forest,
          infiniplex_forest_clump_small, infiniplex_forest_lined_room_,
          infiniplex_forest_join, infiniplex_forest_straight_4,
          infiniplex_forest_lined_4_way, infiniplex_forest_straight_1,
          infiniplex_forest_clump_curved, infiniplex_forest_clump_double,
          kennysheep_decorative_pillar, minmay_unequal
D:2:      layout_basic, serial_rivers, chequers_serial_rivers_small_b,
          chequers_serial_rivers_small_b, chequers_serial_rivers_small_3,
          chequers_serial_rivers_micro_b, nicolae_figureground_sparkle
D:3:      layout_basic, evilmike_ruin_ashenzari, kiku_gazebo_garden_becter,
          ebering_ghost_gozag, minmay_diced_spiral
D:4:      layout_loops_ring, grunt_qazlal_clouds, nicolae_uskayaw_dance_hall,
          roderic_roman_lattice, ebering_dispersal_statue_hall
D:5:      layout_gridville, lemuel_tele_altar, mainiacjoe_overflow_swirl,
          serial_shops, nicolae_shop_drivethru, minmay_misc_feat_room,
          corexii_shack, serial_library_hellmonk_room_a, nicolae_tricolors
D:6:      layout_basic, okawaru_trees_1, minmay_temple_entry_slanted,
          gammafunk_ghost_icy
D:7:      layout_layer_cave, mainiacjoe_overflow_tiny_flanked,
          nicolae_vehumet_radiance, nicolae_ru_awakened_eye,
          nicolae_shop_sticking_my_neck_out
D:8:      layout_basic, trog_book, kennysheep_slug_shrine,
          ebering_ghost_reflecting_pool, hellmonk_scale_shop, uniq_erica
D:9:      layout_basic, grunt_lair_entry_orc_guard_hut, gammafunk_ghost_ooze,
          amcnicky_mini_rare_corridor_liquid
Temple:   grunt_temple_mini_profane
Lair:1:   layout_regular_city, chequers_serial_rivers_micro_b,
          grunt_forest_small_clearing_treed
Lair:2:   layout_cave_pods, dummy_spider_entry
Lair:3:   layout_misc_corridors, minmay_shoals_entry_lonely_mermaid,
          nicolae_lair_lil_pond, hellmonk_talismancer,
          infiniplex_staircase_pool, uniq_nessos
Lair:4:   layout_cave_pods, ebering_ghost_funeral_grove, st_stairs_9,
          dreamdust_gnoll_shepherd
